NCAA
KENTUCKY WILDCATS @ OKLAHOMA STATE COWBOYS
04/10/2027
 
TOP OF THE 1ST
Kentucky Wildcats batting - Pitching for Oklahoma State Cowboys : RHP Chad Swanson
Pitching: RHP Chad Swanson
Batting: RHB Lewis Childress 0-0: Ball
1-0: Ground out 1-3 (Groundball, 15S)
Batting: SHB Steve Shaw 0-0: Called Strike
0-1: Called Strike
0-2: Fly out, F8 (Flyball, 8LM)
Batting: LHB César Rodríguez 0-0: Foul Ball, location: 2F
0-1: Swinging Strike
0-2: Foul Ball, location: 2F
0-2: Ball
1-2: Foul Ball, location: 2F
1-2: Ball
2-2: Strikes out swinging
Top of the 1st over - 0 run(s), 0 hit(s), 0 error(s), 0 left on base; Kentucky 0 - Oklahoma State 0
BOTTOM OF THE 1ST
Oklahoma State Cowboys batting - Pitching for Kentucky Wildcats : RHP Harold Mullen
Pitching: RHP Harold Mullen
Batting: LHB César Colón 0-0: Ball
1-0: Ball
2-0: Called Strike
2-1: Ball
3-1: Bunted foul
3-2: Fly out, F8 (Flyball, 8LM)
Batting: RHB Augusto Padilla 0-0: Ball
1-0: Called Strike
1-1: Swinging Strike
1-2: Ground out 6-3 (Groundball, 6)
Batting: LHB Bill Bryan 0-0: Called Strike
0-1: Fly out, F8 (Flyball, 8RS)
Bottom of the 1st over - 0 run(s), 0 hit(s), 0 error(s), 0 left on base; Kentucky 0 - Oklahoma State 0
TOP OF THE 2ND
Kentucky Wildcats batting - Pitching for Oklahoma State Cowboys : RHP Chad Swanson
Batting: LHB Mark Sanders 0-0: Ball
1-0: Ball
2-0: Ball
3-0: Base on Balls
Batting: LHB Matt Taylor 0-0: Ball
1-0: Called Strike
1-1: Ball
2-1: Ball
3-1: SINGLE (Flyball, 8RM)
Mark Sanders to second
Batting: RHB Andy Johnston 0-0: Called Strike
0-1: Hit by Pitch
Mark Sanders to third
Matt Taylor to second
Batting: RHB Joseph Leach 0-0: Ball
1-0: Ball
2-0: Called Strike
2-1: Foul Ball, location: 2F
2-2: Strikes out swinging
Batting: RHB Pat Johnston 0-0: Fly out, F9 (Flyball, 9)
Runner from 3rd tags up, SCORES, throw made
Batting: SHB Russ Beasley 0-0: Foul Ball, location: 2F
0-1: Ball
1-1: Swinging Strike
1-2: Ball
2-2: Strikes out swinging
Top of the 2nd over - 1 run(s), 1 hit(s), 0 error(s), 2 left on base; Kentucky 1 - Oklahoma State 0
BOTTOM OF THE 2ND
Oklahoma State Cowboys batting - Pitching for Kentucky Wildcats : RHP Harold Mullen
Batting: RHB John Lynch 0-0: Called Strike
0-1: Ball
1-1: Ground out 6-3 (Groundball, 56)
Batting: LHB Cristián Rodríguez 0-0: Ball
1-0: Ball
2-0: Foul Ball, location: 2F
2-1: Swinging Strike
2-2: Strikes out swinging
Batting: SHB Ernest Hood 0-0: Swinging Strike
0-1: Ball
1-1: Called Strike
1-2: Foul Ball, location: 2F
1-2: Foul Ball, location: 2F
1-2: Foul Ball, location: 2F
1-2: Foul Ball, location: 2F
1-2: Ball
2-2: Ball
3-2: Foul Ball, location: 2F
3-2: Base on Balls
Batting: RHB Ryan Williams 0-0: Ball
Ernest Hood is caught stealing 2nd base
Bottom of the 2nd over - 0 run(s), 0 hit(s), 0 error(s), 0 left on base; Kentucky 1 - Oklahoma State 0
TOP OF THE 3RD
Kentucky Wildcats batting - Pitching for Oklahoma State Cowboys : RHP Chad Swanson
Batting: RHB Lewis Childress 0-0: Ball
1-0: SINGLE (Line Drive, 89S)
Batting: SHB Steve Shaw 0-0: Ball
1-0: Ball
Lewis Childress steals 2nd base
2-0: Foul Ball, location: 2F
2-1: Fly out, F9 (Flyball, 9LMF)
Batting: LHB César Rodríguez 0-0: Ball
1-0: Ball
2-0: 2-RUN HOME RUN (Flyball, 9D), Distance : 361 ft
Batting: LHB Mark Sanders 0-0: Swinging Strike
0-1: Called Strike
0-2: Ball
1-2: Strikes out swinging
Batting: LHB Matt Taylor 0-0: Ball
1-0: Ball
2-0: Ball
3-0: Base on Balls
Batting: RHB Andy Johnston 0-0: Ball
1-0: SINGLE (Groundball, 6MD)
Matt Taylor to second
Runner from 2nd tries for 3rd, OUT!
Top of the 3rd over - 2 run(s), 3 hit(s), 0 error(s), 1 left on base; Kentucky 3 - Oklahoma State 0
BOTTOM OF THE 3RD
Oklahoma State Cowboys batting - Pitching for Kentucky Wildcats : RHP Harold Mullen
Batting: RHB Ryan Williams 0-0: Called Strike
0-1: Ball
1-1: Ball
2-1: Ball
3-1: Base on Balls
Batting: LHB Horace Kramer 0-0: Ball
1-0: Called Strike
1-1: Ball
Wild Pitch!
Ryan Williams to second
2-1: SINGLE (Line Drive, 6)
Ryan Williams to third
Runner from 3rd tries for Home, SAFE, no throw
Batting: RHB Burt Sharp 0-0: Ball
1-0: Called Strike
1-1: Swinging Strike
1-2: Ball
2-2: Foul Ball, location: 2F
2-2: Ball
3-2: Fly out, F9 (Flyball, 9S)
Batting: LHB César Colón 0-0: Ball
1-0: SINGLE (Flyball, 78S)
Horace Kramer to second
Batting: RHB Augusto Padilla 0-0: Ball
1-0: Called Strike
1-1: Ball
2-1: Ground out 4-3 (Groundball, 4MS)
Horace Kramer to third
César Colón to second
Batting: LHB Bill Bryan 0-0: Ground out 1-3 (Groundball, 15S)
Bottom of the 3rd over - 1 run(s), 2 hit(s), 0 error(s), 2 left on base; Kentucky 3 - Oklahoma State 1
TOP OF THE 4TH
Kentucky Wildcats batting - Pitching for Oklahoma State Cowboys : RHP Chad Swanson
Batting: RHB Joseph Leach 0-0: Ball
1-0: Swinging Strike
1-1: Swinging Strike
1-2: SINGLE (Groundball, 6MD)
Batting: RHB Pat Johnston 0-0: Called Strike
0-1: Ball
1-1: Ball
Wild Pitch!
Joseph Leach to second
2-1: Foul Ball, location: 2F
2-2: Ball
3-2: 2-RUN HOME RUN (Flyball, 7D), Distance : 354 ft
Batting: SHB Russ Beasley 0-0: SOLO HOME RUN (Flyball, 89XD), Distance : 387 ft
Pitching: RHP Joe Bell
Batting: RHB Lewis Childress 0-0: Called Strike
0-1: Foul Ball, location: 2F
0-2: Foul Ball, location: 2F
0-2: Fly out, F8 (Flyball, 8RM)
Batting: SHB Steve Shaw 0-0: Ball
1-0: Called Strike
1-1: Ball
2-1: Ball
3-1: Swinging Strike
3-2: Foul Ball, location: 2F
3-2: Strikes out swinging
Batting: LHB César Rodríguez 0-0: Called Strike
0-1: Swinging Strike
0-2: Strikes out looking
Top of the 4th over - 3 run(s), 3 hit(s), 0 error(s), 0 left on base; Kentucky 6 - Oklahoma State 1
BOTTOM OF THE 4TH
Oklahoma State Cowboys batting - Pitching for Kentucky Wildcats : RHP Harold Mullen
Batting: RHB John Lynch 0-0: Swinging Strike
0-1: Swinging Strike
0-2: Ball
1-2: SINGLE (Flyball, 78S)
Batting: LHB Cristián Rodríguez 0-0: Ball
1-0: Ball
2-0: Foul Ball, location: 2F
2-1: Foul Ball, location: 2F
2-2: Ball
3-2: Fly out, F7 (Flyball, 7)
Batting: SHB Ernest Hood 0-0: Ball
1-0: Called Strike
1-1: Fielders Choice at 2nd, 6-4 (Groundball, 6)
Batting: RHB Ryan Williams 0-0: Ball
1-0: Called Strike
1-1: Ball
2-1: Foul Ball, location: 2F
2-2: Ball
3-2: Fly out, F8 (Flyball, 8RM)
Bottom of the 4th over - 0 run(s), 1 hit(s), 0 error(s), 1 left on base; Kentucky 6 - Oklahoma State 1
TOP OF THE 5TH
Kentucky Wildcats batting - Pitching for Oklahoma State Cowboys : RHP Joe Bell
Batting: LHB Mark Sanders 0-0: Called Strike
0-1: Fly out, F9 (Flyball, 9S)
Batting: LHB Matt Taylor 0-0: Ball
1-0: Foul Ball, location: 2F
1-1: Ball
2-1: Foul Ball, location: 2F
2-2: Strikes out swinging
Batting: RHB Andy Johnston 0-0: Ball
1-0: Foul Ball, location: 2F
1-1: Called Strike
1-2: Strikes out swinging
Top of the 5th over - 0 run(s), 0 hit(s), 0 error(s), 0 left on base; Kentucky 6 - Oklahoma State 1
BOTTOM OF THE 5TH
Oklahoma State Cowboys batting - Pitching for Kentucky Wildcats : RHP Harold Mullen
Batting: LHB Horace Kramer 0-0: Called Strike
0-1: Ball
1-1: Ball
2-1: Foul Ball, location: 2F
2-2: Foul Ball, location: 2F
2-2: Foul Ball, location: 2F
2-2: Strikes out swinging
Pitching: RHP Bryce Gray
Batting: RHB Burt Sharp 0-0: Swinging Strike
0-1: Foul Ball, location: 2F
0-2: Ball
1-2: Ground out 6-3 (Groundball, 6)
Batting: LHB César Colón 0-0: Fly out, F4 (Popup, 4MD)
Bottom of the 5th over - 0 run(s), 0 hit(s), 0 error(s), 0 left on base; Kentucky 6 - Oklahoma State 1
TOP OF THE 6TH
Kentucky Wildcats batting - Pitching for Oklahoma State Cowboys : RHP Joe Bell
Batting: RHB Joseph Leach 0-0: Called Strike
0-1: Foul Ball, location: 2F
0-2: Ball
1-2: Ball
2-2: Foul Ball, location: 2F
2-2: Foul Ball, location: 2F
2-2: Ground out 4-3 (Groundball, 4)
Batting: RHB Pat Johnston 0-0: Swinging Strike
0-1: Ball
1-1: Ball
2-1: Ball
3-1: Swinging Strike
3-2: Strikes out swinging, 2-3 out at first.
Batting: SHB Russ Beasley 0-0: Ball
1-0: Foul Ball, location: 2F
1-1: Foul Ball, location: 2F
1-2: Strikes out swinging
Top of the 6th over - 0 run(s), 0 hit(s), 0 error(s), 0 left on base; Kentucky 6 - Oklahoma State 1
BOTTOM OF THE 6TH
Oklahoma State Cowboys batting - Pitching for Kentucky Wildcats : RHP Bryce Gray
Batting: RHB Augusto Padilla 0-0: Ball
1-0: Called Strike
1-1: Swinging Strike
1-2: Strikes out swinging
Batting: LHB Bill Bryan 0-0: Ball
1-0: Ball
2-0: Fly out, F5 (Line Drive, 56)
Batting: RHB John Lynch 0-0: Ball
1-0: Ball
2-0: Ball
3-0: Called Strike
3-1: Base on Balls
Batting: LHB Cristián Rodríguez 0-0: Swinging Strike
0-1: Ball
1-1: Ball
2-1: Ball
3-1: Foul Ball, location: 2F
3-2: SINGLE (Line Drive, 6MD)
John Lynch to second
John Lynch to third
Batting: SHB Ernest Hood 0-0: Ball
1-0: Called Strike
1-1: Swinging Strike
1-2: Ground out 3-1 (Groundball, 34S)
Bottom of the 6th over - 0 run(s), 1 hit(s), 0 error(s), 2 left on base; Kentucky 6 - Oklahoma State 1
TOP OF THE 7TH
Kentucky Wildcats batting - Pitching for Oklahoma State Cowboys : RHP Joe Bell
Batting: RHB Lewis Childress 0-0: Called Strike
0-1: Foul Ball, location: 2F
0-2: Ball
1-2: Ball
2-2: Foul Ball, location: 2F
2-2: Ball
3-2: SINGLE (Flyball, 89S)
Batting: SHB Steve Shaw 0-0: Ball
Lewis Childress steals 2nd base
1-0: Called Strike
1-1: Foul Ball, location: 2F
1-2: Foul Ball, location: 2F
1-2: Ground out U3 (Groundball, 3)
Lewis Childress to third
Batting: LHB César Rodríguez 0-0: Ball
1-0: Called Strike
1-1: Ball
2-1: Called Strike
2-2: Foul Ball, location: 2F
2-2: Strikes out swinging
Pitching: LHP Jack Oglethorpe
Batting: LHB Mark Sanders 0-0: Ball
1-0: Ball
2-0: Called Strike
2-1: Swinging Strike
2-2: SINGLE (Groundball, 34D)
Lewis Childress scores
Batting: LHB Matt Taylor 0-0: Ball
Mark Sanders steals 2nd base
1-0: Ball
2-0: Called Strike
2-1: Foul Ball, location: 2F
2-2: Foul Ball, location: 2F
2-2: Ball
3-2: Base on Balls
Batting: RHB Andy Johnston 0-0: Foul Ball, location: 2F
0-1: Ball
1-1: Foul Ball, location: 2F
1-2: Ball
2-2: Strikes out looking
Top of the 7th over - 1 run(s), 2 hit(s), 0 error(s), 2 left on base; Kentucky 7 - Oklahoma State 1
BOTTOM OF THE 7TH
Oklahoma State Cowboys batting - Pitching for Kentucky Wildcats : RHP Bryce Gray
Batting: RHB Ryan Williams 0-0: Called Strike
0-1: Ground out 5-3 (Groundball, 5)
Batting: LHB Horace Kramer 0-0: Ball
1-0: SOLO HOME RUN (Flyball, 78XD), Distance : 372 ft
Batting: RHB Burt Sharp 0-0: Called Strike
0-1: Ball
1-1: Fly out, F7 (Flyball, 7LM)
Batting: LHB César Colón 0-0: Foul Ball, location: 2F
0-1: Called Strike
0-2: Ball
1-2: Ground out 3-1 (Groundball, 34)
Bottom of the 7th over - 1 run(s), 1 hit(s), 0 error(s), 0 left on base; Kentucky 7 - Oklahoma State 2
TOP OF THE 8TH
Kentucky Wildcats batting - Pitching for Oklahoma State Cowboys : LHP Jack Oglethorpe
Batting: RHB Joseph Leach 0-0: Called Strike
0-1: Foul Ball, location: 2F
0-2: Foul Ball, location: 2F
0-2: Ball
1-2: Strikes out looking
Batting: RHB Pat Johnston 0-0: Called Strike
0-1: Foul Ball, location: 2F
0-2: Ball
1-2: Ball
2-2: Ball
3-2: Strikes out swinging
Batting: SHB Russ Beasley 0-0: Called Strike
0-1: SINGLE (Flyball, 78S)
Batting: RHB Lewis Childress 0-0: Ball
1-0: Called Strike
1-1: Foul Ball, location: 2F
1-2: Ball
2-2: Strikes out swinging
Top of the 8th over - 0 run(s), 1 hit(s), 0 error(s), 1 left on base; Kentucky 7 - Oklahoma State 2
BOTTOM OF THE 8TH
Oklahoma State Cowboys batting - Pitching for Kentucky Wildcats : RHP Bryce Gray
Batting: RHB Augusto Padilla 0-0: Foul Ball, location: 2F
0-1: Swinging Strike
0-2: Ball
1-2: Fly out, F9 (Flyball, 9S)
Batting: LHB Bill Bryan 0-0: Ball
1-0: Called Strike
1-1: SINGLE (Groundball, 6D)
Batting: RHB John Lynch 0-0: Called Strike
0-1: Swinging Strike
0-2: Ball
1-2: Strikes out swinging
Pitching: RHP Luis Vela
Batting: LHB Cristián Rodríguez 0-0: Ball
1-0: Called Strike
1-1: Swinging Strike
1-2: DOUBLE (Flyball, 78XD)
Bill Bryan to third
Runner from 3rd tries for Home, SAFE, no throw
Batting: SHB Ernest Hood 0-0: Ball
1-0: Foul Ball, location: 2F
1-1: Ball
2-1: Called Strike
2-2: Strikes out looking
Bottom of the 8th over - 1 run(s), 2 hit(s), 0 error(s), 1 left on base; Kentucky 7 - Oklahoma State 3
TOP OF THE 9TH
Kentucky Wildcats batting - Pitching for Oklahoma State Cowboys : LHP Jack Oglethorpe
Batting: SHB Steve Shaw 0-0: Ball
1-0: Called Strike
1-1: Swinging Strike
1-2: Ball
2-2: Ball
3-2: Fly out, F7 (Flyball, 7S)
Batting: LHB César Rodríguez 0-0: Called Strike
0-1: Ball
1-1: Ball
2-1: Foul Ball, location: 2F
2-2: Fly out, F7 (Flyball, 7)
Batting: LHB Mark Sanders 0-0: Ball
1-0: Swinging Strike
1-1: Ball
2-1: Swinging Strike
2-2: Ball
3-2: Strikes out looking
Top of the 9th over - 0 run(s), 0 hit(s), 0 error(s), 0 left on base; Kentucky 7 - Oklahoma State 3
BOTTOM OF THE 9TH
Oklahoma State Cowboys batting - Pitching for Kentucky Wildcats : RHP Luis Vela
Batting: RHB Ryan Williams 0-0: Called Strike
0-1: DOUBLE (Line Drive, 7LS)
Batting: LHB Horace Kramer 0-0: Ground out U3 (Groundball, 34)
Ryan Williams to third
Batting: RHB Burt Sharp 0-0: Ball
1-0: Ball
2-0: Ball
3-0: Base on Balls
Pitching: LHP John Charles
Batting: LHB César Colón 0-0: Called Strike
0-1: Ball
1-1: Swinging Strike
1-2: Strikes out swinging
Batting: RHB Augusto Padilla 0-0: Ball
1-0: Ball
2-0: Called Strike
2-1: Ball
3-1: Called Strike
3-2: Base on Balls
Burt Sharp to second
Batting: LHB Bill Bryan 0-0: Fly out, F7 (Flyball, 78S)
Bottom of the 9th over - 0 run(s), 1 hit(s), 0 error(s), 3 left on base; Kentucky 7 - Oklahoma State 3
Thursday, March 30th, 2017 - OOTP Baseball 17.12 Build 75